 Dungeon Crawl Stone Soup version 0.24.0-125-gc4c63601f3 (webtiles) character file.

Game seed: 17489944506435755704, levelgen mode: deterministic

2507 Chiseanne the Ducker (level 9, -9/70 HPs)
             Began as a Gnoll Wanderer on Feb 27, 2020.
             Was an Initiate of Gozag.
             Mangled by a white ugly thing (29 damage)
             ... on level 7 of the Dungeon.
             The game lasted 00:21:34 (5952 turns).

Chiseanne the Ducker (Gnoll Wanderer)               Turns: 5952, Time: 00:21:35

Health: -9/70      AC:  7    Str: 16    XL:     9   Next: 53%
Magic:  16/16      EV: 13    Int: 15    God:    Gozag
Gold:   304        SH:  0    Dex: 16    Spells: 15/18 levels left

rFire    . . .     SeeInvis .   a - +3 short sword (speed)
rCold    . . .     Gourm    .   (no shield)
rNeg     . . .     Faith    .   r - +0 scale mail
rPois    .         Spirit   .   (no helmet)
rElec    .         Reflect  .   z - scarf {cloud immunity}
rCorr    .         Harm     .   (no gloves)
MR       .....                  (no boots)
Stlth    ++........             (no amulet)
HPRegen  0.21/turn              (no ring)
MPRegen  0.15/turn              (no ring)

@: studying Axes
A: distributed training, fangs 1, strong nose
a: Potion Petition, Call Merchant, Bribe Branch, Renounce Religion


You were on level 7 of the Dungeon.
You worshipped Gozag.
Gozag was aware of your devotion.
You were full.

You visited 2 branches of the dungeon, and saw 8 of its levels.
You also visited: Sewer.

You collected 431 gold pieces.
You paid 127 gold pieces to Gozag.

Inventory:

Hand Weapons
 a - a +3 short sword of speed (weapon)
 l - a +0 flail of protection
 o - a +0 flail of holy wrath
Missiles
 b - 3 javelins (quivered)
 e - 12 bolts
 j - 12 poisoned darts
 k - 146 stones
 q - 107 arrows
 w - 2 throwing nets
 x - 21 sling bullets
Armour
 r - a +0 scale mail (worn)
 t - a +1 leather armour of cold resistance
 z - a scarf of cloud immunity (worn)
Magical Staves
 v - an uncursed staff of conjuration {unknown}
Wands
 s - a wand of random effects (14)
 y - a wand of digging (6)
Scrolls
 d - a scroll of teleportation
 g - 2 scrolls of fog
 n - a scroll of remove curse
Potions
 c - a potion of lignification
 h - 6 potions of flight
 i - 5 potions of curing
 m - a potion of heal wounds
Books
 u - a manual of Axes
Comestibles
 f - 11 rations


   Skills:
 + Level 6.3 Fighting
 + Level 4.2 Short Blades
 + Level 4.2 Long Blades
 + Level 5.6 Axes
 + Level 4.2 Maces & Flails
 + Level 5.0 Polearms
 + Level 4.2 Staves
 + Level 4.2 Slings
 + Level 4.2 Bows
 + Level 4.2 Crossbows
 + Level 4.2 Throwing
 + Level 4.2 Armour
 + Level 6.3 Dodging
 + Level 4.9 Stealth
 + Level 5.0 Shields
 + Level 4.2 Unarmed Combat
 + Level 5.2 Spellcasting
 + Level 3.5 Conjurations
 + Level 3.5 Hexes
 + Level 3.5 Charms
 + Level 3.5 Summonings
 + Level 3.5 Necromancy
 + Level 3.5 Translocations
 + Level 3.5 Transmutations
 + Level 3.5 Fire Magic
 + Level 3.5 Ice Magic
 + Level 5.2 Air Magic
 + Level 3.5 Earth Magic
 + Level 3.5 Poison Magic
 + Level 4.7 Invocations
 + Level 4.2 Evocations


You had 15 spell levels left.
You knew the following spells:

 Your Spells              Type           Power        Failure   Level  Hunger
a - Stone Arrow           Conj/Erth      ##....       36%         3    ###....

Your spell library contained the following spells:

 Spells                   Type           Power        Failure   Level  Hunger
 Sandblast                Erth           ##....       13%         1    None


Dungeon Overview and Level Annotations

Branches:
Dungeon (7/15)             Temple (1/1) D:6           Sewer (visited)

Altars:
Ashenzari
Cheibriados
Dithmenos
Elyvilon
Fedhas
Gozag
Kikubaaqudgha
Makhleb
Nemelex Xobeh
Qazlal
Ru
Sif Muna
Trog
Vehumet
Wu Jian
Xom
Zin
The Shining One

Annotations:
D:4 3 runed translucent doors, OmG's ghost, weakling DsGl
D:5 3 runed translucent doors, MisterOstroum's ghost, novice HOWr; Raviolo's ghost, amateur MfGl; Xerdoz's ghost, novice DrWz; mrkaede's ghost, novice DsAK


Innate Abilities, Weirdness & Mutations

Your experience applies equally to all skills.
You have very sharp teeth.
Your uncanny sense of smell can sniff out nearby items.


Message History

Press: ? - help, Shift-Dir - straight line, f/p - white ugly thing
Aim: a white ugly thing (almost dead, hasn't noticed you)
You throw a javelin.
The javelin barely misses the orc warrior.
The white ugly thing gurgles horribly!
The javelin pierces through the white ugly thing.
The white ugly thing is no longer distracted by gold.
The white ugly thing is almost dead.
Throwing (i - inventory. (/) - cycle)
b - 4 javelins (quivered)
Press: ? - help, Shift-Dir - straight line, f/p - white ugly thing
Aim: a white ugly thing (almost dead)
You throw a javelin.
The javelin barely misses the white ugly thing.
The javelin pierces through the orc warrior.
The orc warrior is moderately wounded.
The white ugly thing pecks you.
* * * LOW HITPOINT WARNING * * *
The white ugly thing freezes you!!
You die...
Your body crumbles into a pile of gold. ....## .=..... ....## .⌠.(.⌠. .....## ... .##...# ###.### ###...#### (.... .###..'..# #.$.# .##...##.# .oW

.....###.# #u# ....##
#.#######@##### ....##
#.............#
.....######..##..##..#
.##...# #..##..##..###
###...# ###..##..# ..#
.###..# ###..##..##..#
.##...# #..##..##..# #
.....#. #..##..##..#
....###.
###..##..##..#


You could see a white ugly thing, a phantom and an orc warrior.

Vanquished Creatures
  An unseen horror (D:7)
  Eustachio (D:6)
  A jelly (D:5)
  2 ice beasts
  A phantom (D:6)
  4 ogres
  2 big kobolds
  4 bullfrogs
  3 scorpions (D:7)
  A wight (D:6)
  A bullfrog zombie (D:7)
  2 hounds
  An orc priest (D:4)
  3 iguanas
  3 worker ants
  A hound zombie (D:7)
  A hound skeleton (D:7)
  A worker ant zombie (D:7)
  8 adders
  A dart slug (D:1)
  9 leopard geckos
  5 orcs
  A bat (D:3)
  3 giant cockroaches
  2 goblins
  4 hobgoblins
  A jackal (Sewer)
  6 kobolds
  2 quokkas (D:7)
  5 frilled lizards
  A jackal skeleton (D:4)
  A leopard gecko skeleton (D:4)
  8 rats
90 creatures vanquished.

Vanquished Creatures (collateral kills)
  3 wights (D:6)
3 creatures vanquished.

Vanquished Creatures (others)
  2 centaurs (D:5)
2 creatures vanquished.

Grand Total: 95 creatures vanquished

Notes
Turn   | Place    | Note
-------+----------+-------------------------------------------
     0 | D:1      | Chiseanne the Gnoll Wanderer began the quest for the Orb.
     0 | D:1      | Chiseanne set off with the following items: a +2 spear, a
                  | potion of lignification, a +0 robe, a ration; and the
                  | following spell memorised: Sandblast; and the following
                  | spells available to memorise: Stone Arrow
     0 | D:1      | Reached XP level 1. HP: 20/20 MP: 4/4
   210 | D:1      | Reached XP level 2. HP: 16/26 MP: 5/5
   534 | D:2      | Reached XP level 3. HP: 31/31 MP: 7/7
   573 | D:3      | Reached skill level 1 in Invocations
   736 | D:3      | Reached skill level 1 in Short Blades
   736 | D:3      | Reached skill level 1 in Long Blades
   736 | D:3      | Reached skill level 1 in Axes
   736 | D:3      | Reached skill level 1 in Maces & Flails
   736 | D:3      | Reached skill level 1 in Staves
   736 | D:3      | Reached skill level 1 in Slings
   736 | D:3      | Reached skill level 1 in Bows
   736 | D:3      | Reached skill level 1 in Crossbows
   736 | D:3      | Reached skill level 1 in Throwing
   736 | D:3      | Reached skill level 1 in Armour
   736 | D:3      | Reached skill level 1 in Unarmed Combat
   736 | D:3      | Reached skill level 1 in Evocations
   736 | D:3      | Reached XP level 4. HP: 20/38 MP: 8/8
   978 | D:4      | Found a glowing drain.
   983 | D:4      | Reached skill level 1 in Conjurations
   983 | D:4      | Reached skill level 1 in Hexes
   983 | D:4      | Reached skill level 1 in Charms
   983 | D:4      | Reached skill level 1 in Summonings
   983 | D:4      | Reached skill level 1 in Necromancy
   983 | D:4      | Reached skill level 1 in Translocations
   983 | D:4      | Reached skill level 1 in Transmutations
   983 | D:4      | Reached skill level 1 in Fire Magic
   983 | D:4      | Reached skill level 1 in Ice Magic
   983 | D:4      | Reached skill level 1 in Earth Magic
   983 | D:4      | Reached skill level 1 in Poison Magic
   998 | Sewer    | Entered a sewer
  1052 | Sewer    | Noticed a big kobold
  1097 | Sewer    | Killed a big kobold
  1097 | Sewer    | Reached XP level 5. HP: 39/43 MP: 9/9
  1145 | Sewer    | Found a white marble altar of Elyvilon.
  1202 | D:4      | Noticed an ogre
  1214 | D:4      | Killed an ogre
  1214 | D:4      | Reached XP level 6. HP: 28/50 MP: 9/11
  1566 | D:4      | Reached skill level 5 in Fighting
  1566 | D:4      | Reached skill level 5 in Dodging
  2059 | D:4      | Found a runed translucent gate.
  2060 | D:4      | Found a runed translucent gate.
  2060 | D:4      | Found a runed translucent gate.
  2060 | D:4      | Noticed OmG's ghost (weakling DsGl)
  2070 | D:5      | Entered Level 5 of the Dungeon
  2481 | D:5      | Reached XP level 7. HP: 51/56 MP: 12/12
  2563 | D:4      | Found a shadowy altar of Dithmenos.
  2647 | D:5      | Found a runed translucent gate.
  2648 | D:5      | Found a runed translucent gate.
  2648 | D:5      | Found a runed translucent gate.
  2649 | D:5      | Noticed MisterOstroum's ghost (novice HOWr)
  2649 | D:5      | Noticed Xerdoz's ghost (novice DrWz)
  2649 | D:5      | Noticed mrkaede's ghost (novice DsAK)
  2649 | D:5      | Noticed Raviolo's ghost (amateur MfGl)
  3167 | D:6      | Found a staircase to the Ecumenical Temple.
  3173 | Temple   | Entered the Ecumenical Temple
  3431 | Temple   | Became a worshipper of Gozag Ym Sagoz the Greedy
  3721 | D:6      | Noticed Eustachio
  3752 | D:6      | Reached XP level 8. HP: 62/63 MP: 14/14
  3787 | D:6      | Killed Eustachio
  4407 | D:7      | Found a glowing silver altar of Zin.
  4407 | D:7      | Found a stormy altar of Qazlal.
  5356 | D:7      | Learned a level 3 spell: Stone Arrow
  5402 | D:7      | Reached XP level 9. HP: 57/69 MP: 16/16
  5420 | D:7      | Reached skill level 5 in Air Magic
  5673 | D:7      | Reached skill level 5 in Axes
  5931 | D:7      | Noticed a white ugly thing
  5945 | D:7      | Killed an unseen horror
  5945 | D:7      | Reached skill level 5 in Polearms
  5945 | D:7      | Reached skill level 5 in Shields
  5945 | D:7      | Reached skill level 5 in Spellcasting
  5952 | D:7      | Mangled by a white ugly thing

Levels and vault maps discovered:
D:1:      dpeg_arrival_shrine, layout_basic
D:2:      layout_basic, nicolae_ru_great_annihilating_truth
D:3:      gammafunk_wand_slinger, layout_loops_ring, skrybe_limestone_x,
          uniq_terence, uniq_robin
D:4:      layout_loops_ring, grunt_dithmenos_smoke, gammafunk_ghost_necromancy,
          first_ration, gup_sewer_entry_pipe, uniq_grinder
D:5:      layout_basic, serial_glass, glass_columns_a, glass_columns_b,
          gammafunk_ghost_cemetery, minmay_manual_mares
D:6:      layout_layer_cave, gammafunk_temple_overflow_claw,
          minmay_temple_entry_enclosed_plants, uniq_eustachio
D:7:      wad_guarded_room, layout_rooms, gammafunk_temple_overflow_statue,
          grunt_ogre_cave, minmay_puff
Temple:   nicolae_temple_elliptical

Skill      XL: |  1  2  3  4  5  6  7  8  9 |
---------------+----------------------------+-----
Invocations    | 1 2 3 4 |  4.7
Short Blades   | 1 2 3 4 |  4.2
Long Blades    | 1 2 3 4 |  4.2
Axes           | 1 2 3 4 5 |  5.6
Maces & Flails | 1 2 3 4 |  4.2
Staves         | 1 2 3 4 |  4.2
Slings         | 1 2 3 4 |  4.2
Bows           | 1 2 3 4 |  4.2
Crossbows      | 1 2 3 4 |  4.2
Throwing       | 1 2 3 4 |  4.2
Armour         | 1 2 3 4 |  4.2
Unarmed Combat | 1 2 3 4 |  4.2
Spellcasting   | 3 4 5 |  5.2
Evocations     | 1 2 3 4 |  4.2
Conjurations   | 1 2 3 |  3.5
Hexes          | 1 2 3 |  3.5
Charms         | 1 2 3 |  3.5
Summonings     | 1 2 3 |  3.5
Necromancy     | 1 2 3 |  3.5
Translocations | 1 2 3 |  3.5
Transmutations | 1 2 3 |  3.5
Fire Magic     | 1 2 3 |  3.5
Ice Magic      | 1 2 3 |  3.5
Earth Magic    | 1 2 3 |  3.5
Poison Magic   | 1 2 3 |  3.5
Polearms       | 3 4 5 |  5.0
Shields        | 3 4 5 |  5.0
Stealth        | 3 4 |  4.9
Air Magic      | 4 5 |  5.2
Fighting       | 5 6 |  6.3
Dodging        | 5 6 |  6.3

Action                   |  1- 3 |  4- 6 |  7- 9 || total
-------------------------+-------+-------+-------++-------
Melee: Spear             |    81 |   154 |    86 ||   321
       Bite              |    10 |    18 |    29 ||    57
       Short sword       |       |       |   158 ||   158
       Punch             |       |       |     4 ||     4
Throw: Dart              |       |     9 |    10 ||    19
       Javelin           |       |       |    34 ||    34
Invok: Potion Petition   |       |       |     1 ||     1
Evoke: Wand              |       |     2 |    10 ||    12
  Use: Scroll            |     5 |     5 |     6 ||    16
       Potion            |       |     1 |     2 ||     3
 Stab: Sleeping          |     2 |       |       ||     2
  Eat: Chunk             |       |     5 |     2 ||     7
       Ration            |       |       |     4 ||     4
Armor: Robe              |     5 |       |       ||     5
       Chain mail        |       |    42 |       ||    42
       Scale mail        |       |     4 |    51 ||    55
Dodge: Dodged            |    51 |    72 |   141 ||   264
